 Dungeon Crawl Stone Soup version 0.27-a0-59-gfbafd837a3 (webtiles) character file.

Game seed: 16114461616534045125

143 wakim the Conjurer (level 5, 0/28 HPs)
             Began as a Deep Elf Conjurer on Jan 8, 2021.
             Succumbed to an adder's poison
             ... on level 2 of the Dungeon.
             The game lasted 00:08:13 (1683 turns).

wakim the Conjurer (Deep Elf Conjurer)              Turns: 1683, Time: 00:08:13

Health: 0/28       AC:  2    Str:  4    XL:     5   Next: 4%
Magic:  2/13       EV: 13    Int: 24    God:
Gold:   149        SH:  0    Dex: 13    Spells: 9/12 levels left

rFire    . . .     SeeInvis .   a - +1 short sword
rCold    . . .     Faith    .   (no shield)
rNeg     . . .     Spirit   .   b - +0 robe
rPois    .         Reflect  .   (no helmet)
rElec    .         Harm     .   (no cloak)
rCorr    .         Rampage  .   (no gloves)
Will     .....                  (no boots)
Stlth    ++........             (no amulet)
HPRegen  0.09/turn              (no ring)
MPRegen  0.13/turn              (no ring)

@: lethally poisoned (0 -> -12)
A: no striking features
a: no special abilities


You were on level 2 of the Dungeon.
You visited 1 branch of the dungeon, and saw 2 of its levels.

You collected 149 gold pieces.

Inventory:

Hand Weapons
 a - a +1 short sword (weapon)
Armour
 b - a +0 robe (worn)
Scrolls
 c - a scroll of enchant armour {unknown}
 d - a scroll of magic mapping {unknown}
 e - a scroll of blinking {unknown}
 f - a scroll of enchant weapon
 g - a scroll of teleportation {unknown}
 h - a scroll of fear {unknown}


   Skills:
 - Level 2.5 Dodging
 + Level 4.0 Stealth
 + Level 4.3 Spellcasting
 * Level 5.8 Conjurations


You had 9 spell levels left.
You knew the following spells:

 Your Spells              Type           Power        Failure   Level
a - Magic Dart            Conj           100%         1%          1
b - Searing Ray           Conj           66%          1%          2

Your spell library contained the following spells:

 Spells                   Type           Power        Failure   Level
 Dazzling Flash           Conj/Hex       38%          9%          3
 Fulminant Prism          Conj/Hex       9%           28%         4
 Iskenderun's Mystic Bla  Conj/Tloc      19%          28%         4


Dungeon Overview and Level Annotations

Branches:
Dungeon (2/15)

Altars:
Cheibriados
Dithmenos
Fedhas
Kikubaaqudgha
Qazlal
Xom
Yredelemnul


Message History

You are lethally poisoned!
The adder poisons you! The adder bites you.
* * * LOW HITPOINT WARNING * * *
You aren't carrying any potions.
Unknown command.
As you read the scroll labelled QEZUYW ULOM, it crumbles to dust.
It is a scroll of enchant weapon.
Your +0 short sword glows red for a moment.
* * * LOW HITPOINT WARNING * * *
You feel sick. The adder bites you.
* * * LOW HITPOINT WARNING * * *
You barely miss the adder.
The adder is heavily wounded.
* * * LOW HITPOINT WARNING * * *
You feel sick. The adder bites you.
* * * LOW HITPOINT WARNING * * *
The adder closely misses you.
You hit the adder.
The adder is heavily wounded.
You die...

#.######.....#...#.....##..####.#
#................#.######...†<#.#
##........).###..#.# #..####.#
.#.####...#.#....#.# #........
.#.# #.#.#...#.##.######..#####.
...# #.........#..........##.#..
≈≈## #.......###..#######.##.#..
.≈.# #.#.###.###..# #....#.. .≈.#
#...# #.gS@..# #.##.#.. .≈.#
##### #.###..# ####.##.... .<##
#.###..####.......... .##
#.##......########... ##
#g##......# #... #..#......# #...
### ##.#......# #...
..############........# #...
..#......##...........# #...


You could see an adder and a goblin.

Vanquished Creatures
  Robin (D:2)
  3 gnolls (D:2)
  4 adders
  2 oozes (D:2)
  2 worms (D:2)
  A dart slug (D:1)
  2 leopard geckos
  3 giant cockroaches (D:2)
  9 goblins
  7 hobgoblins
  A quokka (D:2)
  A ball python (D:1)
  4 bats
  2 frilled lizards (D:2)
  6 kobolds
  4 rats
52 creatures vanquished.

Notes
Turn   | Place    | Note
-------+----------+-------------------------------------------
     0 | D:1      | wakim the Deep Elf Conjurer began the quest for the Orb.
     0 | D:1      | Reached XP level 1. HP: 10/10 MP: 6/6
   218 | D:1      | Reached XP level 2. HP: 15/15 MP: 1/8
   221 | D:1      | Learned a level 2 spell: Searing Ray
   787 | D:2      | Found a stormy altar of Qazlal.
   787 | D:2      | Found a shadowy altar of Dithmenos.
   790 | D:2      | Found a basalt altar of Yredelemnul.
   790 | D:2      | Found a blossoming altar of Fedhas.
   792 | D:2      | Found a shimmering altar of Xom.
   792 | D:2      | Found a snail-covered altar of Cheibriados.
   793 | D:2      | Found an ancient bone altar of Kikubaaqudgha.
   834 | D:1      | Reached skill level 5 in Conjurations
   834 | D:1      | Reached XP level 3. HP: 18/19 MP: 0/10
   998 | D:2      | Reached XP level 4. HP: 24/24 MP: 2/11
  1646 | D:2      | Noticed Robin
  1653 | D:2      | Killed Robin
  1654 | D:2      | Reached XP level 5. HP: 28/28 MP: 3/13
  1682 | D:2      | HP: 1/28 [adder (2)]
  1683 | D:2      | Succumbed to an adder's poison

Illustrated notes

Levels and vault maps discovered:
D:1:      ebering_trefoil_twist, layout_loops_cross, nrook_mini_backslash
D:2:      layout_basic, grunt_temple_overflow_open,
          chequers_serial_rivers_micro_d, minmay_domino_4, uniq_robin

Skill      XL: |  1  2  3  4 |
---------------+-------------+-----
Stealth        | 3 4 |  4.0
Conjurations   | 5 |  5.8
Spellcasting   | 4 |  4.3
Dodging        | |  2.5

Action                   |  1- 3 |  4- 6 || total
-------------------------+-------+-------++-------
Melee: Short sword       |     5 |     6 ||    11
 Cast: Magic Dart        |    40 |    28 ||    68
       Searing Ray       |     6 |    11 ||    17
  Use: Potion            |     1 |       ||     1
       Scroll            |       |     1 ||     1
Armor: Robe              |     6 |     2 ||     8
Dodge: Dodged            |    14 |    12 ||    26

Table legend: (Time is in decaauts)
 A = Elapsed time spent in this place.
 B = Non-inter-level travel time spent in this place.
 C = Inter-level travel time spent in this place.
 D = Time resting spent in this place.
 E = Time spent auto-exploring this place.
 F = Levels seen in this place.
 G = Mean time per level.
                   A        B        C        D        E       F      G
               +--------+--------+--------+--------+--------+-----+--------+
         Total |   1684 |   1664 |     20 |    531 |    845 |   2 |  842.0 |
       Dungeon |   1684 |   1664 |     20 |    531 |    845 |   2 |  842.0 |
               +--------+--------+--------+--------+--------+-----+--------+

Top non-repeatable levels by time:
     D:1: 903 daAuts
     D:2: 780 daAuts
